 Dungeon Crawl Stone Soup version 0.28-a0-1227-ga9037bb4c8 (webtiles) character file.

Game seed: 9915293157686785535

2635 bladeefan the Basher (level 9, -9/57 HPs)
             Began as a Gargoyle Fighter on Dec 22, 2021.
             Was a Believer of Okawaru.
             Killed from afar by Harold (20 damage)
             ... with a bolt of acid
             ... on level 7 of the Dungeon.
             The game lasted 00:19:08 (7664 turns).

bladeefan the Basher (Gargoyle Fighter)             Turns: 7664, Time: 00:19:09

Health: -9/57      AC: 16    Str: 25    XL:     9   Next: 61%
Magic:  9/9        EV: 10    Int:  8    God:    Okawaru [**....]
Gold:   201        SH:  5    Dex:  9    Spells: 8/8 levels left

rFire   . . .      SeeInvis .   a - +1 flail
rCold   . . .      Faith    .   c - +0 buckler
rNeg    + . .      Spirit   .   b - +0 scale mail
rPois   ∞          Reflect  .   (no helmet)
rElec   +          Harm     .   f - +0 cloak
rCorr   .          Rampage  .   j - +2 pair of gloves {hurl}
Will    .....                   k - +0 pair of boots
Stlth   ..........              (no amulet)
HPRegen 0.19/turn               (no ring)
MPRegen 0.11/turn               (no ring)

@: marked, corroded
A: sickness immunity, AC +6, negative energy resistance 1, electricity
resistance, torment resistance 1, petrification resistance
a: Renounce Religion, Heroism


You were on level 7 of the Dungeon.
You worshipped Okawaru.
Okawaru was pleased with you.
You visited 2 branches of the dungeon, and saw 8 of its levels.
You also visited: Ossuary.

You collected 201 gold pieces.

Inventory:

Hand Weapons
 a - a +1 flail (weapon)
Armour
 b - a +0 scale mail (worn)
 c - a +0 buckler (worn)
 f - a +0 cloak (worn)
   (You found it on level 1 of the Dungeon)
 j - a +2 pair of gloves of hurling (worn)
   (You acquired it on level 2 of the Dungeon)
 k - a +0 pair of boots (worn)
   (You found it on level 2 of the Dungeon)
 A - a +1 pair of boots
   (You found it on level 6 of the Dungeon)
 C - the +1 robe of Quantum Leap {rElec rF- Str+2 Archmagi}
   (You found it on level 6 of the Dungeon)

   Str:       It affects your strength (+2).
   rF:        It makes you vulnerable to fire.
   rElec:     It insulates you from electricity.
   Archmagi:  It increases the power of your magical spells.
Jewellery
 o - a ring of protection from cold
   (You found it on level 4 of the Dungeon)
Wands
 d - a wand of iceblast (9)
   (You took it off Ijyb on level 3 of the Dungeon)
 t - a wand of flame (14)
   (You took it off Terence on level 3 of the Dungeon)
 u - a wand of paralysis (8)
   (You found it on level 3 of the Dungeon)
 x - a wand of acid (6)
   (You found it on level 5 of the Dungeon)
Scrolls
 h - 6 scrolls of identify {@r1}
 n - a scroll of fear {unknown}
 p - a scroll of silence {unknown}
 s - a scroll of enchant armour
 v - 2 scrolls of enchant weapon
 w - a scroll of fog
 y - 2 scrolls of amnesia {unknown}
 B - a scroll of teleportation {@r4}
Potions
 e - 4 potions of curing {@q1}
 g - 4 potions of lignification {!q}
 i - 3 potions of attraction {!q}
 l - a potion of invisibility
 m - a potion of flight
 q - a potion of berserk rage {unknown}
 r - 2 potions of cancellation
 z - a potion of brilliance {unknown}


   Skills:
 + Level 7.0 Fighting
 * Level 8.4 Maces & Flails
 + Level 7.1 Armour
 + Level 7.1 Shields


You had 8 spell levels left.
You didn't know any spells.
Your spell library contained the following spells:

 Spells                   Type           Power      Damage    Failure   Level
 Blink                    Tloc           0%         N/A       80%         2
 Ignite Poison            Fire/Tmut/Pois 0%         N/A       95%         3
 Mephitic Cloud           Conj/Pois/Air  0%         N/A       95%         3
 Freezing Cloud           Conj/Ice/Air   0%         6-21      100%        5
 Manifold Assault         Tloc           0%         N/A       100%        5
 Storm Form               Tmut/Air       0%         N/A       100%        7


Dungeon Overview and Level Annotations

Branches:
Dungeon (7/15)             Temple (1/1) D:5         Ossuary (visited)

Altars:
Ashenzari
Dithmenos
Elyvilon
Fedhas
Gozag
Hepliaklqana
Kikubaaqudgha
Makhleb
Nemelex Xobeh
Okawaru
Qazlal
Ru
Sif Muna
Trog
Uskayaw
Vehumet
Wu Jian
Xom
Yredelemnul
Zin
The Shining One

Shops:
D:3 *

Annotations:
D:7 Harold


Innate Abilities, Weirdness & Mutations

You are immune to sickness and miasma.
Your stone body is resilient. (AC +6)
You are immune to poison.
You resist negative energy. (rN+)
You are resistant to electric shocks. (rElec)
You are resistant to unholy torment.
You are immune to petrification.


Message History

Harold moves out of view.
There is an open door here.
Harold zaps a wand.
The bolt of acid hits you!!
Aim: Harold, wielding a +0 battleaxe, wearing a +0 scale mail, quivering 5 throwing nets and carrying a wand of acid (5) (83% to hit)
The bolt of acid hits Harold!
Aim: Harold, wielding a +0 battleaxe, wearing a +0 scale mail, quivering 5 throwing nets and carrying a wand of acid (5) (lightly wounded, 81% to hit)
The puff of flame hits Harold!
Harold zaps a wand.
The bolt of acid hits you but does no damage.
Aim: Harold, wielding a +0 battleaxe, wearing a +0 scale mail, quivering 5 throwing nets and carrying a wand of acid (4) (lightly wounded, 81% to hit)
The puff of flame hits Harold.
Harold fires a harpoon shot at you. The harpoon shot hits you.
You are yanked forward by the harpoon shot.
Aim: Harold, wielding a +0 battleaxe, wearing a +0 scale mail, quivering 5 throwing nets and carrying a wand of acid (4) (lightly wounded) That beam is likely to hit you.
Continue anyway? [Y]es or [N]o only, please.
That beam is likely to hit you.
Continue anyway?
Okay, then.
Really quaff
g - 4 potions of lignification {!q}? [Y]es or [N]o only, please.
Really quaff
g - 4 potions of lignification {!q}? [Y]es or [N]o only, please.
Really quaff
g - 4 potions of lignification {!q}? [Y]es or [N]o only, please.
Really quaff
g - 4 potions of lignification {!q}? [Y]es or [N]o only, please.
Really quaff
g - 4 potions of lignification {!q}? [Y]es or [N]o only, please.
Really quaff
g - 4 potions of lignification {!q}? [Y]es or [N]o only, please.
Really quaff
g - 4 potions of lignification {!q}?
Okay, then.
Harold is nearby!
You hit Harold but do no damage.
Harold zaps a wand.
The bolt of acid hits you!!
* * * LOW HITPOINT WARNING * * *
The acid corrodes you!
As you read the scroll of teleportation {@r4}, it crumbles to dust.
You feel strangely unstable.
Harold points at you and mumbles some strange words.
You barely resist. Harold gestures at you while chanting.
A sentinel's mark forms upon you.
Your surroundings suddenly seem different.
Harold zaps a wand.
The bolt of acid hits you!!
You die...

.#.###.###########.##
.'.@................
.#.###.###.......#.
.#.# #.# #.#.@....
##.# #.# #.#(#.#.#
##.###.###.#.#<#.#
.................#
##+###.#.(.#.#.#.#
#.#.###.#.#@## #.#.#
#.#.#..# #.#.#
#.#.#..## ##### #.#.#
#.#.....#+#.....
..... ..#####......#
..... ..+..........#
# ... ######.....# .#
.....
+..........###.#
#######........#


You could see Harold.

Vanquished Creatures
  Grinder (D:3)
  Eustachio (D:5)
  Menkaure (D:6)
  2 water moccasins
  A necrophage (D:4)
  5 ogres
  A phantom (D:5)
  2 kobold brigands (D:6)
  4 elf zombies (Ossuary)
  4 bullfrogs
  2 scorpions
  A bullfrog zombie (D:6)
  2 centaur zombies
  2 human zombies (Ossuary)
  4 orc priests
  Jessica (D:3)
  2 iguanas
  Terence (D:3)
  Ijyb (D:3)
  2 hound zombies
  3 mummies (Ossuary)
  4 adders
  A shadow imp (D:6)
  An adder zombie (Ossuary)
  An adder skeleton (D:4)
  2 worms (D:3)
  A dart slug (D:4)
  21 orcs
  12 ball pythons
  5 bats
  8 endoplasms
  4 giant cockroaches
  3 goblins
  3 hobgoblins
  2 jackals (D:1)
  12 kobolds
  2 quokkas
  2 frilled lizards (D:1)
  2 gnoll zombies (Ossuary)
  2 goblin zombies (Ossuary)
  6 hobgoblin zombies (Ossuary)
  5 jackal zombies (Ossuary)
  A kobold zombie (Ossuary)
  An orc zombie (Ossuary)
  3 quokka zombies (Ossuary)
  4 rats
  5 rat zombies (Ossuary)
156 creatures vanquished.

Notes
Turn   | Place    | Note
-------+----------+-------------------------------------------
     0 | D:1      | bladeefan the Gargoyle Fighter began the quest for the Orb.
     0 | D:1      | Reached XP level 1. HP: 14/14 MP: 1/1
   156 | D:1      | Reached XP level 2. HP: 18/19 MP: 2/2
   618 | D:1      | Reached XP level 3. HP: 20/23 MP: 3/3
  1143 | D:2      | Identified a scroll of acquirement
  1144 | D:2      | Acquired a +1 pair of gloves of hurling
  1570 | D:2      | Reached skill level 3 in Maces & Flails
  1583 | D:2      | Reached XP level 4. HP: 17/29 MP: 4/4
  2244 | D:3      | Found a faded altar of an unknown god.
  2362 | D:3      | Found Baqiumy's Assorted Antiques.
  2397 | D:3      | Noticed Jessica
  2401 | D:3      | Killed Jessica
  2630 | D:2      | Reached XP level 5. HP: 22/33 MP: 5/5
  2731 | D:3      | Noticed Terence
  2739 | D:3      | Killed Terence
  2878 | D:3      | Noticed Grinder
  2885 | D:3      | Paralysed by Grinder for 3 turns
  2888 | D:3      | Noticed Ijyb
  2892 | D:3      | Killed Grinder
  2893 | D:3      | Reached skill level 4 in Maces & Flails
  2893 | D:3      | Reached XP level 6. HP: 14/39 MP: 6/6
  3149 | D:3      | Killed Ijyb
  3352 | D:3      | Found a bloodstained altar of Trog.
  3583 | D:4      | Reached XP level 7. HP: 40/44 MP: 7/7
  3590 | D:4      | Reached skill level 5 in Maces & Flails
  3784 | D:4      | Reached skill level 5 in Armour
  3784 | D:4      | Reached skill level 5 in Shields
  3970 | D:4      | Reached skill level 5 in Fighting
  4187 | D:5      | Entered Level 5 of the Dungeon
  4366 | D:5      | Found a staircase to the Ecumenical Temple.
  4378 | D:5      | Reached skill level 6 in Maces & Flails
  4378 | D:5      | Reached XP level 8. HP: 31/50 MP: 8/8
  4390 | Temple   | Entered the Ecumenical Temple
  4708 | Temple   | Became a worshipper of Warmaster Okawaru
  4939 | D:5      | Noticed Eustachio
  5033 | D:5      | Killed Eustachio
  5603 | D:5      | HP: 2/51 [something (6)]
  5635 | D:5      | HP: 1/51 [something (5)]
  6076 | D:6      | Reached * piety under Okawaru
  6174 | D:6      | Noticed Menkaure
  6190 | D:6      | Killed Menkaure
  6191 | D:6      | Reached skill level 7 in Maces & Flails
  6443 | D:6      | Reached XP level 9. HP: 53/55 MP: 9/9
  6466 | D:6      | Found a sand-covered staircase.
  6566 | Ossuary  | Entered an ossuary
  7006 | D:6      | Reached skill level 8 in Maces & Flails
  7175 | D:6      | Identified the +1 robe of Quantum Leap {rElec rF- Str+2
                  | Archmagi}
  7253 | D:6      | Reached ** piety under Okawaru
  7641 | D:7      | Noticed Harold
  7664 | D:7      | Killed from afar by Harold

Illustrated notes

Levels and vault maps discovered:
D:1:      scummos_arrival_gate, layout_basic, minmay_distorted
D:2:      layout_basic, minmay_misc_feat_secret_circle, minmay_misc_feat_x,
          dk_vineyard_3, minmay_fountain_box
D:3:      layout_loops_ring, lemuel_round_altar,
          dreamdust_ecumenical_altar_grove, serial_glass, glass_columns_a,
          glass_columns_b, minmay_strange_pillars, feat_on_display,
          item_on_display_a, minmay_strange_pillars, serial_shops, shop,
          kennysheep_generic_room_9, uniq_jessica, uniq_ijyb, uniq_terence,
          uniq_grinder
D:4:      layout_gridville
D:5:      layout_basic, temple_fountains, grunt_ministairs_7, uniq_eustachio
D:6:      layout_basic, nicolae_ossuary_entry_ruins, uniq_menkaure
D:7:      layout_basic, minmay_misc_feat_tower, uniq_harold
Temple:   roderic_octagonal_lattice_temple

Skill      XL: |  1  2  3  4  5  6  7  8  9 |
---------------+----------------------------+-----
Maces & Flails | 3 4 6 7 8 |  8.4
Armour         | 4 5 6 7 |  7.1
Shields        | 4 5 6 7 |  7.1
Fighting       | 4 5 6 7 |  7.0

Action                   |  1- 3 |  4- 6 |  7- 9 || total
-------------------------+-------+-------+-------++-------
Melee: Flail             |   163 |   130 |   478 ||   771
Evoke: Wand              |       |     2 |     3 ||     5
  Use: Scroll            |     2 |     2 |     6 ||    10
       Potion            |       |     2 |     8 ||    10
 Stab: Invisible         |       |       |     1 ||     1
Armor: Scale mail        |    96 |    70 |   307 ||   473
       Skin              |       |       |     3 ||     3
Dodge: Dodged            |    75 |    52 |   240 ||   367
Block: Buckler           |    27 |    22 |   116 ||   165

Table legend: (Time is in decaauts)
 A = Elapsed time spent in this place.
 B = Non-inter-level travel time spent in this place.
 C = Inter-level travel time spent in this place.
 D = Time resting spent in this place.
 E = Time spent auto-exploring this place.
 F = Levels seen in this place.
 G = Mean time per level.
                   A        B        C        D        E       F      G
               +--------+--------+--------+--------+--------+-----+--------+
         Total |   7767 |   7612 |    155 |   1330 |   4516 |   9 |  863.0 |
       Dungeon |   7025 |   6891 |    134 |   1330 |   4063 |   7 | 1003.6 |
        Temple |    339 |    318 |     21 |      0 |    294 |   1 |  339.0 |
       Ossuary |    402 |    402 |      0 |      0 |    159 |   1 |  402.0 |
               +--------+--------+--------+--------+--------+-----+--------+

Top non-repeatable levels by time:
     D:2: 1662 daAuts
     D:5: 1543 daAuts
     D:3: 1165 daAuts
     D:6: 1157 daAuts
     D:1: 828 daAuts
     D:4: 614 daAuts
 Ossuary: 402 daAuts
  Temple: 339 daAuts
     D:7: 53 daAuts
